 Dungeon Crawl Stone Soup version 0.28.0-53-g5a82cb258f (webtiles) character file.

Game seed: 5431829286142481936

2 Zeld the Skirmisher (level 1, 0/24 HPs)
             Began as an Ogre Delver on May 23, 2022.
             Slain by an adder (3 damage)
             ... on level 4 of the Dungeon.
             The game lasted 00:00:28 (77 turns).

Zeld the Skirmisher (Ogre Delver)                     Turns: 77, Time: 00:00:28

Health: 0/24       AC:  3    Str: 15    XL:     1   Next: 40%
Magic:  1/1        EV: 10    Int: 11    God:
Gold:   11         SH:  0    Dex: 10    Spells: 0/0 levels left

rFire   . . .      SeeInvis .   a - +0 spear
rCold   . . .      Faith    .   (no shield)
rNeg    . . .      Spirit   .   b - +0 robe
rPois   .          Reflect  .   (helmet restricted)
rElec   .          Harm     .   (no cloak)
rCorr   .          Rampage  .   (gloves unavailable)
Will    .....                   (boots unavailable)
Stlth   ++........              (no amulet)
HPRegen 0.08/turn               (no ring)
MPRegen 0.07/turn               (no ring)

@: no status effects
A: large, unfitting armour, tough skin 1
a: no special abilities


You were on level 4 of the Dungeon.
You visited 1 branch of the dungeon, and saw 2 of its levels.

You collected 11 gold pieces.

Inventory:

Hand Weapons
 a - a +0 spear (weapon)
Armour
 b - a +0 robe (worn)
Wands
 g - a wand of digging (3)
Scrolls
 c - a scroll of fog
 d - a scroll of magic mapping
 e - a scroll of fear
Potions
 f - a potion of haste


   Skills:
 * Level 4.1 Fighting
 * Level 2.1 Polearms
 + Level 1.8 Dodging
 - Level 3.7 Stealth
 + Level 0.0 Evocations


You couldn't memorise any spells.
You didn't know any spells.
Your spell library was empty.

Dungeon Overview and Level Annotations

Branches:
Dungeon (5/15)
 Temple: D:4-7

Altars:


Innate Abilities, Weirdness & Mutations

You are too large for most types of armour.
You have tough skin. (AC +1)


Message History

You closely miss the giant cockroach.
The giant cockroach is heavily wounded.
The giant cockroach bites you.
* * * LOW HITPOINT WARNING * * *
The giant cockroach completely misses you.
Reach: a) +0 spear
Press: ? - help, Dir - move target, f/p - giant cockroach
Aim: a giant cockroach (heavily wounded, about 38% to evade your +0 spear)
You barely miss the giant cockroach.
The giant cockroach is heavily wounded.
The giant cockroach closely misses you.
Unknown command.
Reach: a) +0 spear
Press: ? - help, Dir - move target, f/p - giant cockroach
Aim: a giant cockroach (heavily wounded, about 38% to evade your +0 spear)
You hit the giant cockroach.
You kill the giant cockroach!
The adder completely misses you.
Unknown command.
Reach: a) +0 spear
Press: ? - help, Dir - move target, f - adder
Aim: an adder (about 56% to evade your +0 spear)
You hit the adder.
The adder is heavily wounded.
The adder bites you.
* * * LOW HITPOINT WARNING * * *
Reach: a) +0 spear
Press: ? - help, Dir - move target, f/p - adder
Aim: an adder (heavily wounded, about 56% to evade your +0 spear)
You miss the adder. Your punch misses the adder.
The adder is heavily wounded.
The adder bites you but does no damage.
Unknown command.
Reach: a) +0 spear
Press: ? - help, Dir - move target, f/p - adder
Aim: an adder (heavily wounded, about 56% to evade your +0 spear)
You closely miss the adder.
The adder is heavily wounded.
The adder bites you.
You die...

.........................
.........................
†.###w..###...###...###.
..# #...# #...# #S..#
..###...###...###...###.
................g........
.........................
#.####..######.######.###
#......## #gS@.......
..##### ############ ###


You could see an adder and a hobgoblin.

Vanquished Creatures
  A giant cockroach (D:4)
  A hobgoblin (D:4)
2 creatures vanquished.

Notes
Turn   | Place    | Note
-------+----------+-------------------------------------------
     0 | D:5      | Zeld the Ogre Delver began the quest for the Orb.
     0 | D:5      | Reached XP level 1. HP: 24/24 MP: 1/1
     7 | D:5      | Noticed a scorpion
    15 | D:5      | Noticed an ice beast
    18 | D:4      | Noticed a scorpion
    77 | D:4      | Slain by an adder

Illustrated notes

Levels and vault maps discovered:
D:4:      minmay_spotlight, layout_loops_corners, zin_treasury, temple_green,
          kennysheep_boxes
D:5:      layout_cave_pools, cheibriados_altar_1, serial_undead,
          serial_undead_e, serial_undead_c, serial_undead_a, serial_undead_f,
          serial_undead_d, serial_undead_f, uniq_menkaure

Action                   || total
-------------------------++-------
Melee: Spear             ||    19
 Stab: Sleeping          ||     1
Armor: Robe              ||     4
Dodge: Dodged            ||    15
